 Dungeon Crawl Stone Soup version 0.22-a0-460-g49b1da7 (webtiles) character file.

234 epen the Insei (level 6, -1/41 HPs)
             Began as an Octopode Transmuter on June 9, 2018.
             Slain by a mummy (16 damage)
             ... in an ossuary.
             The game lasted 00:03:51 (2826 turns).

epen the Insei (Octopode Transmuter)                Turns: 2826, Time: 00:03:52

Health: -1/41      AC:  1    Str: 10    XL:     6   Next: 5%
Magic:  10/10      EV: 14    Int: 25    God:
Gold:   176        SH:  0    Dex: 13    Spells: 4/10 levels left

rFire    . . .     SeeInvis .     - Unarmed
rCold    . . .     Gourm    .   (no shield)
rNeg     . . .     Faith    .   (helmet restricted)
rPois    .         Spirit   .   (no amulet)
rElec    .         Reflect  .   i - +4 ring of intelligence
rCorr    .         Harm     .   o - +5 ring of intelligence
MR       .....                  m - ring of stealth
Stlth    +++.......             (no ring)
HPRegen  0.13/turn              (no ring)
MPRegen  0.12/turn              (no ring)
                                (no ring)
                                (no ring)

@: no status effects
A: almost no armour, stealthy swim, amphibious, 8 rings, constrict 8, camouflage
1, gelatinous body 1
a: no special abilities


You were in an ossuary.
You were not hungry.

You visited 1 branch of the dungeon, and saw 4 of its levels.
You also visited: Ossuary.

You collected 176 gold pieces.

Inventory:

Missiles
 a - 51 arrows
Jewellery
 i - a +4 ring of intelligence (left tentacle)
 m - a ring of stealth (on tentacle)
 o - a +5 ring of intelligence (right tentacle)
Wands
 n - a wand of paralysis (11)
Scrolls
 b - 5 scrolls of identify {unknown}
 d - 2 scrolls of fear {unknown}
 e - 2 scrolls of remove curse {unknown}
 f - a scroll of blinking {unknown}
 k - a scroll of enchant weapon {unknown}
Potions
 g - a potion of curing
 h - 2 potions of haste {unknown}
 j - a potion of magic {unknown}
 l - a potion of heal wounds {unknown}
Comestibles
 c - 4 rations
 p - 3 chunks of flesh


   Skills:
 + Level 2.4 Fighting
 + Level 3.0 Dodging
 * Level 4.4 Unarmed Combat
 + Level 2.8 Spellcasting
 + Level 3.0 Transmutations


You had 4 spell levels left.
You knew the following spells:

 Your Spells              Type           Power        Failure   Level  Hunger
a - Beastly Appendage     Tmut           ###...       3%          1    None
b - Sticks to Snakes      Tmut           ###.....     4%          2    ##.....
c - Spider Form           Tmut/Pois      ##........   17%         3    ###....

Your spell library contained the following spells:

 Spells                   Type           Power        Failure   Level  Hunger
 Blade Hands              Tmut           ###.......   63%         5    ######.
 Ice Form                 Ice/Tmut       ##......     50%         4    ####...


Dungeon Overview and Level Annotations

Branches:
Dungeon (4/15)
 Temple: D:4-7

Altars:
Dithmenos
Gozag
Nemelex Xobeh
Vehumet


Innate Abilities, Weirdness & Mutations

You cannot wear most types of armour.
You are very stealthy in the water. (Stealth+)
You are amphibious.
You can wear up to eight rings at the same time.
You can use your tentacles to constrict eight enemies at once.
Your skin changes colour to match your surroundings (Stealth+).
Your rubbery body absorbs attacks. (AC +1, EV +1)


Message History

There is a gate leading back out of this place here.
There is a gate leading back out of this place here.
You avoid triggering a needle trap.
You found a needle trap!
There is a needle trap here.
An arrow hits the mummy!
An arrow hits the mummy, but does no damage!
An arrow hits the mummy!
You tentacle-slap the mummy. Your grab misses the mummy.
The mummy is moderately damaged.
You bludgeon the mummy! You grab the mummy.
The mummy is severely damaged.
You constrict the mummy, but do no damage.
The mummy hits you!
You bludgeon the mummy!
The mummy is almost destroyed.
You constrict the mummy, but do no damage.
You tentacle-slap the mummy.
You destroy the mummy!
The mummy hits you!
You die...

#.....#
+.....+
#.....#
+.....+
#.....#
+.....+
##...^.##
#....@..#
#..MM^..#
#..^∩^..#
#.......#
#...∩...#
#.......#
#.......#
##.....##
#.....#


You could see 2 mummies.

Vanquished Creatures
  A human zombie (D:4)
  A hound (D:4)
  An orc wizard (D:3)
  A worker ant (D:4)
  A mummy (Ossuary)
  4 adders (D:2)
  An adder skeleton (D:4)
  2 dart slugs
  A leopard gecko (D:1)
  9 orcs
  11 bats
  A giant cockroach (D:1)
  9 goblins
  3 hobgoblins
  2 jackals (D:1)
  8 kobolds
  A quokka (D:2)
  3 frilled lizards
  6 rats
66 creatures vanquished.

Notes
Turn   | Place    | Note
-------+----------+-------------------------------------------
     0 | D:1      | epen the Octopode Transmuter began the quest for the Orb.
     0 | D:1      | Reached XP level 1. HP: 13/13 MP: 3/3
   111 | D:1      | Reached XP level 2. HP: 15/18 MP: 5/5
   129 | D:1      | Learned a level 2 spell: Sticks to Snakes
   621 | D:1      | Reached XP level 3. HP: 19/23 MP: 6/6
  1210 | D:2      | Reached XP level 4. HP: 17/29 MP: 7/7
  1845 | D:2      | Found an opulent altar of Gozag.
  1914 | D:3      | Reached skill level 4 in Unarmed Combat
  1961 | D:3      | Reached XP level 5. HP: 30/34 MP: 8/8
  2299 | D:3      | Found a radiant altar of Vehumet.
  2622 | D:4      | Found a shadowy altar of Dithmenos.
  2743 | D:4      | Learned a level 3 spell: Spider Form
  2754 | D:4      | Found a sparkling altar of Nemelex Xobeh.
  2791 | D:4      | Found a sand-covered staircase.
  2808 | D:4      | Reached XP level 6. HP: 22/41 MP: 10/10
  2810 | Ossuary  | Entered an ossuary
  2826 | Ossuary  | Slain by a mummy

Vault maps used:
D:1:      dpeg_arrival_stone_temple_mockup
D:2:      nicolae_gozag_cash_rules_everything_around_me
D:3:      nicolae_overflow_hidden_temple
D:4:      nicolae_ru_awakened_eye, nicolae_overflow_crystal_walls,
          nemelex_altar_shiori, minmay_temple_entry_mist, enter_ossuary_3
Ossuary:  ossuary_the_hunt_dpeg

Skill      XL: |  1  2  3  4  5 |
---------------+----------------+-----
Fighting       | 2 |  2.4
Unarmed Combat | 4 |  4.4
Dodging        | 3 |  3.0
Transmutations | 3 |  3.0
Spellcasting   | |  2.8

Action                   |  1- 3 |  4- 6 || total
-------------------------+-------+-------++-------
Melee: Unarmed           |    77 |    89 ||   166
       Constrict         |    16 |    21 ||    37
       Tentacles         |    13 |    18 ||    31
       Punch             |     2 |     2 ||     4
  Use: Potion            |     1 |       ||     1
 Stab: Sleeping          |     5 |     3 ||     8
  Eat: Chunk             |     1 |     5 ||     6
Armor: Skin              |    12 |    10 ||    22
Dodge: Dodged            |    58 |    56 ||   114

Table legend:
 A = Spawn XP
 B = Non-spawn XP
 C = Spawn XP percentage of total XP
 D = Spawn monster count
 E = Non-spawn monster count
 F = Spawn count percentage of total count
 G = Total turns spent on level
                    A         B        C        D         E        F      G
               +---------+---------+-------+---------+---------+-------+---------
         Total |       0 |     335 |   0.0 |       0 |      66 |   0.0 |  2826
               +---------+---------+-------+---------+---------+-------+---------
           D:1 |       0 |      40 |   0.0 |       0 |      23 |   0.0 |   731
           D:2 |       0 |      76 |   0.0 |       0 |      18 |   0.0 |  1176
           D:3 |       0 |      67 |   0.0 |       0 |      14 |   0.0 |   577
           D:4 |       0 |     138 |   0.0 |       0 |      10 |   0.0 |   326
       Ossuary |       0 |      14 |   0.0 |       0 |       1 |   0.0 |    16
               +---------+---------+-------+---------+---------+-------+---------
